 Dungeon Crawl Stone Soup version 0.31.0-12-g77e489cdc1 (webtiles) character file.

Game seed: 1703506249218740672

2863 gohu the Cleaver (level 9, 0/74 HPs)
             Began as a Minotaur Fighter on Feb 17, 2024.
             Was a Priest of Trog.
             Succumbed to a gnoll's poison
             ... on level 8 of the Dungeon.
             The game lasted 00:16:18 (7382 turns).

gohu the Cleaver (Minotaur Fighter)                 Turns: 7382, Time: 00:16:19

Health: 0/74       AC: 15    Str: 24    XL:     9   Next: 47%
Magic:  8/8        EV:  6    Int:  5    God:    Trog [***...]
Gold:   169        SH:  4    Dex: 11    Spells: 8/8 levels left

rFire   . . .        a - +0 war axe
rCold   . . .        c - +0 buckler
rNeg    . . .        w - +0 plate armour
rPois   +            (helmet restricted)
rElec   .            v - +0 cloak
rCorr   .            t - +0 pair of gloves
SInv    .            (no boots)
Will    +....        (no amulet) Stlth
                     p - ring of poison resistance
HPRegen 0.32/turn    L - ring of willpower
MPRegen 0.11/turn

%: no passive effects
@: lethally poisoned (0 -> -7), on berserk cooldown, slowed, very slow
A: horns 2, retaliatory headbutt
a: Renounce Religion, Berserk, Trog's Hand


You were on level 8 of the Dungeon.
You worshipped Trog.
Trog was most pleased with you.
You visited 2 branches of the dungeon, and saw 10 of its levels.

You collected 406 gold pieces.
You spent 237 gold pieces at shops.

Inventory:

Hand Weapons
 a - a +0 war axe (weapon)
Missiles
 i - an atropa-tipped dart (quivered)
 l - 26 poisoned darts
 D - 6 boomerangs
 H - 2 silver javelins
 O - a curare-tipped dart
Armour
 b - a +0 scale mail
 c - a +0 buckler (worn)
 d - a +0 chain mail
 t - a +0 pair of gloves (worn)
 v - a +0 cloak (worn)
 w - a +0 plate armour (worn)
 E - a +2 scale mail of willpower
Jewellery
 p - a ring of poison resistance (left hand)
 B - an amulet of magic regeneration
 F - a ring of fire
 L - a ring of willpower (right hand)
Wands
 q - a wand of flame (19)
 C - a wand of charming (11)
 M - a wand of iceblast (9)
Scrolls
 e - a scroll of acquirement {unknown}
 k - a scroll of noise {unknown}
 m - a scroll of brand weapon {unknown}
 n - a scroll of revelation {unknown}
 r - 3 scrolls of teleportation
 u - 2 scrolls of vulnerability
 x - 3 scrolls of immolation
 y - a scroll of poison {unknown}
 A - a scroll of torment
 I - a scroll of summoning {unknown}
 N - a scroll of silence {unknown}
Potions
 f - 9 potions of curing {unknown}
 g - 3 potions of berserk rage
 h - a potion of heal wounds
 j - a potion of magic
 o - 4 potions of lignification
 s - 2 potions of haste
 z - 3 potions of attraction
 G - a potion of enlightenment
 J - 3 potions of might
 K - a potion of cancellation


   Skills:
 + Level 5.4 Fighting
 + Level 14.1 Axes
 + Level 1.8 Throwing
 + Level 5.5 Armour
 + Level 4.2 Shields


You had 8 spell levels left.
You didn't know any spells.
Your spell library was empty.

Dungeon Overview and Level Annotations

Branches:
Dungeon (9/15)             Temple (1/1) D:6
   Lair: D:8-11         Orc: D:9-12

Altars:
Ashenzari
Cheibriados
Dithmenos
Elyvilon
Fedhas
Gozag
Hepliaklqana
Kikubaaqudgha
Makhleb
Nemelex Xobeh
Okawaru
Ru
Sif Muna
Trog
Vehumet
Wu Jian
Xom
Yredelemnul
Zin
The Shining One

Shops:
D:2 [   D:3 *

Annotations:
D:3 1 runed translucent door, Crazy Yiuf
D:7 2 transporters, Konrad's ghost, novice MiBe


Innate Abilities, Weirdness & Mutations

You have a pair of horns on your head.
You reflexively headbutt those who attack you in melee.


Message History

You feel sick. The gnoll sergeant blocks your attack.
You headbutt the gnoll sergeant.
The gnoll sergeant is heavily wounded.
You slash the orc!
You kill the orc!
Trog accepts your kill.
You slash the orc warrior!
You feel sick.
The gnoll hits you from afar with a +2 halberd of venom!
You are more poisoned.
The gnoll sergeant hits you with a +0 trident.
The orc warrior hits you with a +0 battleaxe!
* * * LOW HITPOINT WARNING * * *
You slash the gnoll sergeant! You headbutt the gnoll sergeant.
You kill the gnoll sergeant!
Trog accepts your kill.
You barely miss the orc warrior.
You feel sick.
Your life force feels restored.
You slash the orc warrior!
You kill the orc warrior!
Trog accepts your kill.
You feel sick.
The gnoll hits you from afar with a +2 halberd of venom.
* * * LOW HITPOINT WARNING * * *
You are too berserk!
You are too berserk!
* * * LOW HITPOINT WARNING * * *
You feel very sick.
You feel a strong urge to attack something.
* * * LOW HITPOINT WARNING * * *
You feel sick.
* * * LOW HITPOINT WARNING * * *
You feel sick.
There is a stone staircase leading up here.
You feel your anger nearly subside.
You are no longer berserk.
You are exhausted.
You feel yourself slow down.
* * * LOW HITPOINT WARNING * * *
You feel sick.
You climb upwards.
You die...

# # ### ######## ...
#####.......
<#.####.....##########.##
#...##.###.....@().....#
####....).....#####.##..#
.#...##)###.### #
.#..###.# #.. .†..# #.#
#.. #.#.# #.# #..# #.#.#
#.# #..# ..#.. ..# #..#
#.....# ###....[. #
#.#..[#


There were no monsters in sight!

Vanquished Creatures
  Psyche (D:8)
  Eustachio (D:6)
  A water moccasin (D:8)
  3 black bears
  Duvessa (D:5)
  An ice beast (D:7)
  An orc warrior (D:9)
  A centaur (D:7)
  2 kobold brigands
  A bullfrog (D:7)
  3 scorpions
  A gnoll sergeant (D:9)
  4 wights (D:8)
  Dowan (D:5)
  A howler monkey (D:8)
  A bombardier beetle (D:4)
  4 hounds (D:4)
  3 orc priests
  3 jellies (D:5)
  2 iguanas (D:5)
  Jessica (D:3)
  Ijyb (D:5)
  A sleepcap (D:5)
  9 orc wizards
  Robin (D:2)
  8 gnolls
  4 adders
  3 shadow imps
  2 ufetubi (D:6)
  4 ribbon worms
  3 dart slugs
  38 orcs
  5 endoplasms
  4 giant cockroaches
  15 goblins
  5 hobgoblins
  10 jackals
  17 kobolds
  A quokka (D:5)
  5 ball pythons
  5 bats
  A frilled lizard (D:2)
  6 rats
185 creatures vanquished.

Notes
Turn   | Place    | Note
-------+----------+-------------------------------------------
     0 | D:1      | gohu the Minotaur Fighter began the quest for the Orb.
     0 | D:1      | Reached XP level 1. HP: 19/19 MP: 0/0
    76 | D:1      | Reached skill level 3 in Axes
    80 | D:1      | Reached XP level 2. HP: 26/26 MP: 1/1
   251 | D:1      | Reached skill level 4 in Axes
   412 | D:1      | Found a shimmering altar of Xom.
   672 | D:2      | Noticed Robin
   694 | D:2      | Reached XP level 3. HP: 24/31 MP: 2/2
  1044 | D:2      | Killed Robin
  1045 | D:2      | Reached skill level 5 in Axes
  1137 | D:2      | Found Etyrghu's Antique Armour Boutique.
  1337 | D:2      | Found a bloodstained altar of Trog.
  1362 | D:2      | Became a worshipper of Trog the Wrathful
  1490 | D:2      | Reached XP level 4. HP: 37/39 MP: 3/3
  1770 | D:3      | Noticed Jessica
  1777 | D:3      | Killed Jessica
  1778 | D:3      | Reached skill level 6 in Axes
  2107 | D:3      | Found a runed translucent door.
  2108 | D:3      | Noticed Crazy Yiuf
  2207 | D:2      | Bought a cloak for 72 gold pieces
  2323 | D:3      | Reached XP level 5. HP: 45/45 MP: 4/4
  2387 | D:3      | Found Oquamp's Assorted Antiques.
  2676 | D:4      | Reached skill level 7 in Axes
  2686 | D:4      | Reached XP level 6. HP: 42/51 MP: 5/5
  2732 | D:5      | Entered Level 5 of the Dungeon
  2732 | D:5      | Noticed Duvessa
  2804 | D:4      | Reached * piety under Trog
  2810 | D:4      | Reached skill level 8 in Axes
  2913 | D:4      | Found a bloodstained altar of Trog.
  2926 | D:4      | Reached skill level 9 in Axes
  3002 | D:4      | Reached XP level 7. HP: 52/57 MP: 6/6
  3159 | D:4      | Found a glowing silver altar of Zin.
  3743 | D:5      | Noticed Dowan
  3752 | D:5      | Killed Duvessa
  3753 | D:5      | Reached skill level 10 in Axes
  3754 | D:5      | Killed Dowan
  3755 | D:5      | Reached skill level 1 in Throwing
  3903 | D:5      | Noticed Ijyb
  3909 | D:5      | Killed Ijyb
  3918 | D:5      | Reached skill level 11 in Axes
  3974 | D:5      | Reached XP level 8. HP: 34/64 MP: 7/7
  4239 | D:5      | Reached ** piety under Trog
  4664 | D:3      | Bought a scroll labelled UTIQUIPISEU for 24 gold pieces
  4823 | D:6      | Reached skill level 12 in Axes
  5175 | D:6      | Found a staircase to the Ecumenical Temple.
  5184 | Temple   | Entered the Ecumenical Temple
  5481 | D:6      | Noticed Eustachio
  5519 | D:6      | Killed Eustachio
  5772 | D:3      | Bought a smoky amethyst potion for 21 gold pieces
  5772 | D:3      | Bought a large coral ring for 120 gold pieces
  6118 | D:7      | Found a shimmering blue altar of Sif Muna.
  6224 | D:7      | Reached skill level 13 in Axes
  6228 | D:8      | Noticed Psyche
  6233 | D:8      | Killed Psyche
  6234 | D:8      | Reached XP level 9. HP: 72/72 MP: 8/8
  6388 | D:7      | Found a transporter.
  6393 | D:7      | Noticed Konrad's ghost (novice MiBe)
  6459 | D:7      | Found a transporter.
  7013 | D:8      | Reached skill level 5 in Armour
  7041 | D:8      | Reached skill level 5 in Fighting
  7354 | D:8      | Reached *** piety under Trog
  7374 | D:9      | Reached skill level 14 in Axes
  7382 | D:8      | Succumbed to a gnoll's poison

Illustrated notes

Levels and vault maps discovered:
D:1:      dpeg_arrival_lava_altar, layout_basic, amcnicky_mini_corridor_feature,
          hangedman_decor_peaks_small
D:2:      layout_basic, basic_altar, serial_corexii_hall,
          corexii_hall_statues_x, chequers_hall_statues_corner_a,
          corexii_hall_statues_t, corexii_hall_statues_i, serial_shops,
          nicolae_shop_tiny_glass, dk_noncrumbling_2, hex_intersection,
          uniq_robin
D:3:      layout_loops_ring, serial_shops, nicolae_shop_tiny_statue_garden,
          uniq_jessica, uniq_crazy_yiuf_cottage
D:4:      layout_rooms, trog_ov_bears_minmay, lemuel_tele_altar,
          serial_co_window_serial, co_window_paths_a, co_window_corner_a,
          co_window_paths_a, co_window_corner_a, co_window_of_opportunity_a,
          co_window_unsneaky_path_a, co_window_broadway_b, co_window_broadway_c,
          co_window_4corner_a, co_window_4corner_b, glass_columns_c
D:5:      layout_basic, uniq_duvessa, uniq_ijyb
D:6:      layout_loops_corners, minmay_temple_entry_antechambers, uniq_eustachio
D:7:      layout_gridville, mainiacjoe_overflow_paths,
          gammafunk_ghost_stat_death
D:8:      layout_loops_ring, uniq_psyche
D:9:      layout_rooms, mainiacjoe_overflow_boulevard,
          erik_lair_orcish_takeover, david_orc_3, uniq_erolcha
Temple:   minmay_crystal_spiral_temple

Skill      XL: |  1  2  3  4  5  6  7  8  9 |
---------------+----------------------------+-----
Axes           | 3 4 5 6 7 9 11 13 14 | 14.1
Throwing       | 1 |  1.8
Armour         | 4 5 |  5.5
Fighting       | 4 5 |  5.4
Shields        | 4 |  4.2

Action                     |  1- 3 |  4- 6 |  7- 9 || total
---------------------------+-------+-------+-------++-------
  Melee: War axe           |    83 |    84 |   324 ||   491
         Headbutt          |    13 |    17 |    57 ||    87
  Throw: Dart              |     1 |     9 |     8 ||    18
 Invoke: Berserk           |       |       |     3 ||     3
    Use: Potion            |       |       |     1 ||     1
         Scroll            |       |       |    12 ||    12
 Armour: Scale mail        |    62 |    68 |   108 ||   238
         Chain mail        |       |       |    32 ||    32
         Plate armour      |       |       |    84 ||    84
  Dodge: Dodged            |    33 |    48 |    96 ||   177
  Block: Buckler           |    22 |    15 |    56 ||    93
